 Dungeon Sprint DCSS version 0.28.0-53-g5a82cb258f (webtiles) character file.

Game seed: 24774751785912484

485 Zeld the Transmogrifier (level 7, -3/62 HPs)
             Began as an Octopode Transmuter on June 10, 2022.
             Was an Initiate of Sif Muna.
             Slain by a two-headed ogre
             ... wielding a +0 giant club
              (13 damage)
             ... in the Dungeon (Sprint IX: "|||||||||||||||||||||||||||||").
             The game lasted 00:01:31 (579 turns).

Zeld the Transmogrifier (Octopode Transmuter)        Turns: 579, Time: 00:01:32

Health: -3/62      AC:  6    Str: 11    XL:     7   Next: 13%
Magic:  4/18       EV: 10    Int: 15    God:    Sif Muna [......]
Gold:   0          SH:  0    Dex: 13    Spells: 12/22 levels left

rFire   x . .      SeeInvis .     - Unarmed
rCold   + + +      Faith    .   (shield currently unavailable)
rNeg    . . .      Spirit   .   (helmet currently unavailable)
rPois   +          Reflect  .   (no amulet)
rElec   .          Harm     .   (no ring)
rCorr   .          Rampage  .   (no ring)
Will    .....      NoTele   +   (no ring)
Stlth   +.........              (no ring)
HPRegen 0.20/turn               (no ring)
MPRegen 0.16/turn               (no ring)
                                (no ring)
                                (no ring)

@: ice-form
A: freezing attack, boosted hp, almost no armour, amphibious, 8 rings, large,
(camouflage 1), (gelatinous body 1), (nimble swimmer 1), (tentacles)
a: End Transformation, Renounce Religion


You were in the Dungeon.
You worshipped Sif Muna.
Sif Muna was noncommittal.
You were a creature of crystalline ice.
You visited 1 branch

Inventory:

Jewellery
 i - a +3 ring of dexterity
 j - a +3 ring of intelligence
Wands
 h - a wand of iceblast (10)
Scrolls
 f - 2 scrolls of blinking
 g - 2 scrolls of amnesia
Potions
 a - 5 potions of curing
 b - 3 potions of heal wounds
 c - a potion of haste
 d - 4 potions of magic
 e - a potion of invisibility


   Skills:
 + Level 6.0 Fighting
 - Level 2.0 Dodging
 + Level 6.6 Unarmed Combat
 * Level 8.1 Spellcasting
 * Level 8.9 Transmutations


You had 12 spell levels left.
You knew the following spells:

 Your Spells              Type           Power      Damage    Failure   Level
a - Beastly Appendage     Tmut           64%        N/A       1%          1
b - Wereblood             Tmut           32%        N/A       1%          2
c - Spider Form           Tmut/Pois      19%        N/A       6%          3
d - Ice Form              Ice/Tmut       19%        N/A       19%         4

Your spell library contained the following spells:

 Spells                   Type           Power      Damage    Failure   Level


Dungeon Overview and Level Annotations

Branches:
Dungeon (1/1)

Altars:
Cheibriados
Dithmenos
Elyvilon
Fedhas
Gozag
Hepliaklqana
Kikubaaqudgha
Makhleb
Nemelex Xobeh
Okawaru
Qazlal
Ru
Sif Muna
Trog
Uskayaw
Vehumet
Wu Jian
Xom
Yredelemnul
Zin
The Shining One
Beogh
Jiyva
Lugonu


Innate Abilities, Weirdness & Mutations

You are a creature of crystalline ice.
You have a powerful freezing melee attack.
Your maximum health is increased.
Your armour is entirely melded.
You are incapable of wielding weapons or throwing items.
You cannot wear most types of armour.
You are amphibious.
You can wear up to eight rings at the same time.
((Your skin changes colour to match your surroundings (Stealth+).))
((Your rubbery body absorbs attacks. (AC +1, EV +1)))
((You are camouflaged when in or above water. (Stealth+)))
((You have tentacles for arms and can constrict up to eight enemies at once.))


Message History

You punch the kobold demonologist! You freeze the kobold demonologist.
The kobold demonologist is heavily wounded.
The kobold demonologist looks encouraged for a moment.
Your magical contamination has completely faded away.
Unknown command.
You barely miss the kobold demonologist.
The kobold demonologist is heavily wounded.
The kobold demonologist hits you but does no damage.
You hit the kobold demonologist. You freeze the kobold demonologist.
The kobold demonologist is heavily wounded.
The kobold demonologist gestures wildly while chanting.
Unknown command.
You punch the kobold demonologist! You freeze the kobold demonologist.
You kill the kobold demonologist!
Sif Muna accepts your kill.
The orange demon disappears in a puff of smoke!
The ice devil disappears in a puff of smoke!
Your Fighting skill gained 2 levels and is now at level 6!
Your Unarmed Combat skill increases to level 6!
Your Spellcasting skill gained 2 levels and is now at level 8!
Your Transmutations skill increases to level 8!
You have reached level 6!
You have reached level 7!
You punch the two-headed ogre! You freeze the two-headed ogre.
The two-headed ogre is lightly wounded.
Unknown command.
You hit the two-headed ogre. You freeze the two-headed ogre.
The two-headed ogre is moderately wounded.
The two-headed ogre barely misses you. The two-headed ogre closely misses you.
The howler monkey hoots and howls with incredible vigour!
Unknown command.
You punch the two-headed ogre! You freeze the two-headed ogre.
The two-headed ogre is heavily wounded.
The two-headed ogre hits you with a +0 giant club!! x2
* * * LOW HITPOINT WARNING * * *
Unknown command.
You hit the two-headed ogre. You freeze the two-headed ogre.
The two-headed ogre is heavily wounded.
The two-headed ogre hits you with a +0 giant club!
You die...

▓+▓
▓.▓
▓.▓
▓y▓
▓y▓
▓h▓
▓O▓
▓Y▓
▓.▓
▓.▓
▓[▓
▓[▓
▓[▓
▓.▓
▓)▓
▓.▓


You could see a two-headed ogre, a howler monkey (catching breath) and 2 killer
bees.

Vanquished Creatures
  A kobold demonologist (D)
  A wraith (D)
  A jelly (D)
  2 iguanas (D)
  An orc (D)
  A bat (D)
  A goblin (D)
  3 ball pythons (D)
  A giant cockroach zombie (D)
12 creatures vanquished.

Notes
Turn   | Place    | Note
-------+----------+-------------------------------------------
     0 | D        | Zeld the Octopode Transmuter began the quest for the Orb.
     0 | D        | Reached XP level 1. HP: 13/13 MP: 3/3
   253 | D        | Noticed an iguana
   253 | D        | Noticed a jelly
   253 | D        | Noticed an iguana
   258 | D        | Killed an iguana
   259 | D        | Reached XP level 2. HP: 16/20 MP: 3/6
   259 | D        | Reached XP level 3. HP: 20/25 MP: 4/8
   261 | D        | Reached XP level 4. HP: 16/31 MP: 5/10
   452 | D        | Learned a level 2 spell: Wereblood
   456 | D        | Learned a level 3 spell: Spider Form
   461 | D        | Learned a level 4 spell: Ice Form
   469 | D        | Reached skill level 5 in Transmutations
   488 | D        | Found a snail-covered altar of Cheibriados.
   488 | D        | Found a shadowy altar of Dithmenos.
   488 | D        | Found a white marble altar of Elyvilon.
   488 | D        | Found a blossoming altar of Fedhas.
   488 | D        | Found an opulent altar of Gozag.
   490 | D        | Found a hazy altar of Hepliaklqana.
   493 | D        | Found a viscous altar of Jiyva.
   494 | D        | Found an ancient bone altar of Kikubaaqudgha.
   495 | D        | Found a corrupted altar of Lugonu.
   524 | D        | Found a burning altar of Makhleb.
   525 | D        | Found a sparkling altar of Nemelex Xobeh.
   526 | D        | Found an iron altar of Okawaru.
   527 | D        | Found a stormy altar of Qazlal.
   528 | D        | Found a sacrificial altar of Ru.
   529 | D        | Found a shimmering blue altar of Sif Muna.
   530 | D        | Found a bloodstained altar of Trog.
   531 | D        | Found a hide-covered altar of Uskayaw.
   532 | D        | Found a radiant altar of Vehumet.
   533 | D        | Found an ornate altar of the Wu Jian Council.
   534 | D        | Found a shimmering altar of Xom.
   535 | D        | Found a basalt altar of Yredelemnul.
   536 | D        | Found a glowing silver altar of Zin.
   537 | D        | Became a worshipper of Sif Muna the Loreminder
   538 | D        | Found a glowing golden altar of the Shining One.
   562 | D        | Noticed a two-headed ogre
   562 | D        | Noticed a kobold demonologist
   562 | D        | Noticed a wraith
   567 | D        | Noticed an ice devil
   570 | D        | Killed a wraith
   571 | D        | Reached skill level 5 in Unarmed Combat
   571 | D        | Reached XP level 5. HP: 38/38 MP: 2/14
   575 | D        | Noticed an orange demon
   575 | D        | Killed a kobold demonologist
   576 | D        | Reached XP level 6. HP: 46/46 MP: 3/17
   576 | D        | Reached XP level 7. HP: 52/52 MP: 3/18
   579 | D        | Slain by a two-headed ogre

Illustrated notes

Levels and vault maps discovered:
D:        linesprint [early_d, line_temple, items_1, d_10, items_2, lair_1,
          lair_end, items_3, orc_1, orc_end, items_4, d_15, swamp_1, shoals_1,
          snake_1, spider_1, d_20, vaults_1, items_5, swamp_end, shoals_end,
          snake_end, spider_end, vaults_end, d_27, items_6, zot_1, zot_end,
          crypt_end, forest_end, elf_end, slime_end, tomb_end, abyss_end,
          pan_hell_end]

Skill      XL: |  1  2  3  4  5 |
---------------+----------------+-----
Fighting       | 2 3 4 6 |  6.0
Spellcasting   | 3 4 6 8 |  8.1
Transmutations | 4 7 8 |  8.9
Unarmed Combat | 4 5 6 |  6.6
Dodging        | |  2.0

Action                   |  1- 3 |  4- 6 |  7- 9 || total
-------------------------+-------+-------+-------++-------
Melee: Unarmed           |    13 |    20 |     4 ||    37
       Kick              |     4 |       |       ||     4
       Constrict         |     3 |       |       ||     3
 Cast: Beastly Appendage |     2 |       |       ||     2
       Spider Form       |       |     1 |       ||     1
       Ice Form          |       |     1 |       ||     1
  Use: Potion            |     1 |       |       ||     1
Armor: Skin              |       |     6 |       ||     6
Dodge: Dodged            |     3 |     6 |     2 ||    11
